 Dungeon Crawl Stone Soup version 0.22.1-1-ga44c0e56f4 (webtiles) character file.

133 Freyura the Ducker (level 5, -7/43 HPs)
             Began as a Gnoll Gladiator on Nov 4, 2018.
             Killed by divine providence
             ... invoked by an orc priest
              (10 damage)
             ... on level 3 of the Dungeon.
             The game lasted 00:03:09 (932 turns).

Freyura the Ducker (Gnoll Gladiator)                 Turns: 932, Time: 00:03:10

Health: -7/43      AC:  4    Str: 13 (16) XL:     5   Next: 16%
Magic:  6/7        EV: 16    Int:  9 (10) God:
Gold:   117        SH:  0    Dex: 17 (18) Spells: 6/6 levels left

rFire    . . .     SeeInvis .   a - +0 quarterstaff
rCold    . . .     Gourm    .   (shield currently unavailable)
rNeg     . . .     Faith    .   b - +0 leather armour
rPois    .         Spirit   .   c - +0 helmet
rElec    .         Reflect  .   (no cloak)
rCorr    .         Harm     .   (no gloves)
MR       .....                  (no boots)
Stlth    ++........             (no amulet)
HPRegen  0.14/turn              (no ring)
MPRegen  0.10/turn              (no ring)

@: no status effects
A: distributed training, fangs 1, strong nose
a: no special abilities


You were on level 3 of the Dungeon.
You were not hungry.

You visited 1 branch of the dungeon, and saw 3 of its levels.

You collected 117 gold pieces.

Inventory:

Hand Weapons
 a - a +0 quarterstaff (weapon)
Missiles
 d - 3 throwing nets (quivered)
Armour
 b - a +0 leather armour (worn)
 c - a +0 helmet (worn)
Jewellery
 r - an uncursed amulet of rage {unknown}
Potions
 g - a potion of magic {unknown}
 j - a potion of haste {unknown}
 m - a potion of cancellation {unknown}
 n - a potion of degeneration
 o - a potion of flight {unknown}
 p - a potion of heal wounds {unknown}
Comestibles
 f - 6 rations


   Skills:
 + Level 4.7 Fighting
 + Level 1.3 Short Blades
 + Level 1.3 Long Blades
 + Level 1.3 Axes
 + Level 1.3 Maces & Flails
 + Level 1.3 Polearms
 + Level 6.6 Staves
 + Level 1.3 Slings
 + Level 1.3 Bows
 + Level 1.3 Crossbows
 + Level 4.7 Throwing
 + Level 1.3 Armour
 + Level 6.6 Dodging
 + Level 1.3 Stealth
 + Level 1.3 Shields
 + Level 1.3 Unarmed Combat
 + Level 1.3 Spellcasting
 + Level 1.1 Conjurations
 + Level 1.1 Hexes
 + Level 1.1 Charms
 + Level 1.1 Summonings
 + Level 1.1 Necromancy
 + Level 1.1 Translocations
 + Level 1.1 Transmutations
 + Level 1.1 Fire Magic
 + Level 1.1 Ice Magic
 + Level 1.1 Air Magic
 + Level 1.1 Earth Magic
 + Level 1.1 Poison Magic
 + Level 1.5 Invocations
 + Level 1.3 Evocations


You had 6 spell levels left.
You didn't know any spells.
Your spell library was empty.

Dungeon Overview and Level Annotations

Branches:
Dungeon (3/15)

Altars:
Trog


Innate Abilities, Weirdness & Mutations

Your experience applies equally to all skills.
You have very sharp teeth.
Your uncanny sense of smell can sniff out nearby items.


Message History

You feel weakened.
You feel dopey.
You feel clumsy. The leopard gecko misses you.
You hit the leopard gecko.
You kill the leopard gecko!
You sock the orc!
You kill the orc!
An orc wizard comes into view. It is wielding a dagger.
You barely miss the orc priest.
The orc priest is heavily wounded.
The orc priest hits you with a whip.
* * * LOW HITPOINT WARNING * * *
You barely miss the orc priest. Your bite misses the orc priest.
The orc priest is heavily wounded.
The orc priest hits you with a whip.
* * * LOW HITPOINT WARNING * * *
You hit the orc priest.
The orc priest is severely wounded.
The orc priest invokes the aid of Beogh against you.
Beogh smites you!
You die...

......†..######..# .#
...........##....# ..#
........##.##.##.#
##..#
........##....##.##...#
........##..####.#..#
..#.######(## ##...#
..#. #.# ##...## # #.
### #...## .. #...#@#
#..###o# ...# #lo....#
### ..?...## ..........
#......#### #......#
#......# #......#


You could see an orc priest, an orc wizard and a frilled lizard.

Vanquished Creatures
  An orc priest (D:3)
  2 adders (D:2)
  2 worms
  2 dart slugs
  7 leopard geckos
  4 orcs (D:3)
  7 bats
  A giant cockroach (D:2)
  3 goblins
  7 hobgoblins
  10 jackals
  7 kobolds
  A quokka (D:3)
  A ball python (D:2)
  2 frilled lizards (D:2)
  3 rats (D:1)
60 creatures vanquished.

Notes
Turn   | Place    | Note
-------+----------+-------------------------------------------
     0 | D:1      | Freyura the Gnoll Gladiator began the quest for the Orb.
     0 | D:1      | Reached XP level 1. HP: 20/20 MP: 1/1
     0 | D:1      | Noticed a minotaur zombie
     2 | D:1      | Noticed a minotaur skeleton
    10 | D:1      | Noticed a dwarf
    16 | D:1      | Noticed a minotaur zombie
    16 | D:1      | Noticed a formicid
    18 | D:1      | Noticed a minotaur skeleton
    20 | D:1      | Noticed a ghoul
    49 | D:1      | Reached XP level 2. HP: 26/26 MP: 2/2
   236 | D:1      | Reached XP level 3. HP: 31/31 MP: 3/3
   469 | D:2      | Reached skill level 1 in Invocations
   522 | D:2      | Reached skill level 1 in Short Blades
   522 | D:2      | Reached skill level 1 in Long Blades
   522 | D:2      | Reached skill level 1 in Axes
   522 | D:2      | Reached skill level 1 in Maces & Flails
   522 | D:2      | Reached skill level 1 in Polearms
   522 | D:2      | Reached skill level 1 in Slings
   522 | D:2      | Reached skill level 1 in Bows
   522 | D:2      | Reached skill level 1 in Crossbows
   522 | D:2      | Reached skill level 1 in Armour
   522 | D:2      | Reached skill level 1 in Stealth
   522 | D:2      | Reached skill level 1 in Shields
   522 | D:2      | Reached skill level 1 in Unarmed Combat
   522 | D:2      | Reached skill level 1 in Spellcasting
   522 | D:2      | Reached skill level 1 in Evocations
   537 | D:2      | Reached XP level 4. HP: 33/38 MP: 5/5
   853 | D:2      | Found a bloodstained altar of Trog.
   891 | D:3      | Reached skill level 1 in Conjurations
   891 | D:3      | Reached skill level 1 in Hexes
   891 | D:3      | Reached skill level 1 in Charms
   891 | D:3      | Reached skill level 1 in Summonings
   891 | D:3      | Reached skill level 1 in Necromancy
   891 | D:3      | Reached skill level 1 in Translocations
   891 | D:3      | Reached skill level 1 in Transmutations
   891 | D:3      | Reached skill level 1 in Fire Magic
   891 | D:3      | Reached skill level 1 in Ice Magic
   891 | D:3      | Reached skill level 1 in Air Magic
   891 | D:3      | Reached skill level 1 in Earth Magic
   891 | D:3      | Reached skill level 1 in Poison Magic
   911 | D:3      | Reached XP level 5. HP: 31/43 MP: 6/6
   932 | D:3      | Killed from afar by an orc priest

Skill      XL: |  1  2  3  4 |
---------------+-------------+-----
Invocations    | 1 |  1.5
Short Blades   | 1 |  1.3
Long Blades    | 1 |  1.3
Axes           | 1 |  1.3
Maces & Flails | 1 |  1.3
Polearms       | 1 |  1.3
Slings         | 1 |  1.3
Bows           | 1 |  1.3
Crossbows      | 1 |  1.3
Armour         | 1 |  1.3
Stealth        | 1 |  1.3
Shields        | 1 |  1.3
Unarmed Combat | 1 |  1.3
Spellcasting   | 1 |  1.3
Evocations     | 1 |  1.3
Conjurations   | 1 |  1.1
Hexes          | 1 |  1.1
Charms         | 1 |  1.1
Summonings     | 1 |  1.1
Necromancy     | 1 |  1.1
Translocations | 1 |  1.1
Transmutations | 1 |  1.1
Fire Magic     | 1 |  1.1
Ice Magic      | 1 |  1.1
Air Magic      | 1 |  1.1
Earth Magic    | 1 |  1.1
Poison Magic   | 1 |  1.1
Fighting       | |  4.7
Staves         | |  6.6
Throwing       | |  4.7
Dodging        | |  6.6

Action                   |  1- 3 |  4- 6 || total
-------------------------+-------+-------++-------
Melee: Quarterstaff      |    80 |    67 ||   147
       Bite              |     7 |     8 ||    15
  Use: Scroll            |       |     6 ||     6
       Potion            |       |     1 ||     1
 Stab: Sleeping          |     1 |     1 ||     2
Armor: Leather armour    |    14 |    12 ||    26
Dodge: Dodged            |    60 |    61 ||   121
